 Dungeon Crawl Stone Soup version 0.25-a0-265-g7af84ae0ac (webtiles) character file.

Game seed: 3126825204733394526, levelgen mode: deterministic

98 Cinder the Magician (level 4, -1/34 HPs)
             Began as a Demonspawn Wanderer on Dec 8, 2019.
             Killed from afar by Sigmund (4 damage)
             ... with a magic dart
             ... on level 3 of the Dungeon.
             The game lasted 00:05:53 (2856 turns).

Cinder the Magician (Demonspawn Wanderer)           Turns: 2856, Time: 00:05:54

Health: -1/34      AC:  5    Str: 13    XL:     4   Next: 44%
Magic:  3/11       EV: 11    Int: 13    God:
Gold:   53         SH:  0    Dex: 13    Spells: 9/13 levels left

rFire    . . .     SeeInvis .   m - +1 dagger (drain)
rCold    . . .     Gourm    .   (no shield)
rNeg     . . .     Faith    .   d - +0 robe
rPois    .         Spirit   .   (no helmet)
rElec    .         Reflect  .   j - +0 cloak
rCorr    .         Harm     .   (no gloves)
MR       .....                  (no boots)
Stlth    +.........             (no amulet)
HPRegen  0.11/turn              (no ring)
MPRegen  0.12/turn              (no ring)

@: very slightly contaminated
A: slimy green scales 1
a: no special abilities


You were on level 3 of the Dungeon.
You were hungry.

You visited 1 branch of the dungeon, and saw 3 of its levels.

You collected 53 gold pieces.

Inventory:

Hand Weapons
 a - a +0 club
 m - a +1 dagger of draining (weapon)
Missiles
 b - 59 stones (quivered)
Armour
 d - a +0 robe (worn)
 i - a +0 buckler
 j - a +0 cloak (worn)
Scrolls
 g - a scroll of remove curse {unknown}
 h - 4 scrolls of teleportation {unknown}
 l - a scroll of enchant weapon {unknown}
 n - a scroll of magic mapping {unknown}
 o - a scroll of enchant armour {unknown}
 p - a scroll of random uselessness {unknown}
Potions
 k - a potion of heal wounds {unknown}
 q - a potion of agility {unknown}
Miscellaneous
 e - a box of beasts
Comestibles
 f - 4 rations


   Skills:
 + Level 2.8 Fighting
 - Level 5.0 Spellcasting
 + Level 1.4 Conjurations
   Level 1.1 Necromancy
 - Level 2.0 Air Magic
   Level 1.7 Earth Magic
 - Level 2.0 Evocations


You had 9 spell levels left.
You knew the following spells:

 Your Spells              Type           Power        Failure   Level  Hunger
a - Shock                 Conj/Air       #...         10%         1    None
b - Mephitic Cloud        Conj/Pois/Air  #.......     34%         3    ###....

Your spell library contained the following spells:

 Spells                   Type           Power        Failure   Level  Hunger


Dungeon Overview and Level Annotations

Branches:
Dungeon (3/15)

Altars:
Trog

Annotations:
D:3 Natasha, Sigmund


Innate Abilities, Weirdness & Mutations

You are partially covered in slimy green scales. (AC +2)


Message History

Something barely misses you. The adder closely misses you.
Unknown command.
You closely miss the adder.
The adder is severely wounded.
* * * LOW HITPOINT WARNING * * *
You feel sick. The adder bites you but does no damage.
Unknown command.
You feel better. The adder bites you but does no damage.
You hear some strange, mumbled words.
A puff of flame appears from out of thin air!
The puff of flame hits you!
* * * LOW HITPOINT WARNING * * *
Unknown command.
You hit the adder but do no damage.
The adder is severely wounded.
The adder bites you but does no damage.
You hear some strange, mumbled words.
A magic dart appears from out of thin air!
The magic dart hits you.
You die...

###### #....#####
#.#...@..#
#....S.{.#
###...รท..#
..######[.....##
...o.......>....#
o.######........#
.....#......
#####.###....#
#.# .##.#


You could see an adder.

Vanquished Creatures
  An orc priest (D:3)
  2 adders (D:2)
  An ooze (D:1)
  A dart slug (D:1)
  2 leopard geckos
  3 orcs
  6 bats
  A giant cockroach (D:1)
  9 hobgoblins
  4 jackals (D:1)
  3 frilled lizards (D:1)
  4 kobolds (D:1)
  3 rats
40 creatures vanquished.

Notes
Turn   | Place    | Note
-------+----------+-------------------------------------------
     0 | D:1      | Cinder the Demonspawn Wanderer began the quest for the Orb.
     0 | D:1      | Cinder set off with the following items: a +0 club, a
                  | potion of curing, a +0 robe, a box of beasts, a ration; and
                  | the following spell memorised: Shock; and the following
                  | spells available to memorise: Mephitic Cloud
     0 | D:1      | Reached XP level 1. HP: 13/13 MP: 6/6
   509 | D:1      | Reached skill level 1 in Fighting
   571 | D:1      | Reached skill level 1 in Air Magic
   571 | D:1      | Gained mutation: You are partially covered in slimy green
                  | scales. (AC +2) [demonic ancestry]
   571 | D:1      | Reached XP level 2. HP: 20/21 MP: 6/8
   960 | D:1      | Reached XP level 3. HP: 25/27 MP: 0/9
  1630 | D:2      | Found a bloodstained altar of Trog.
  2199 | D:2      | Found a faded altar of an unknown god.
  2555 | D:3      | Noticed Natasha
  2619 | D:3      | Reached XP level 4. HP: 34/34 MP: 8/11
  2625 | D:3      | Noticed Sigmund
  2626 | D:3      | Reached skill level 1 in Conjurations
  2686 | D:2      | Learned a level 3 spell: Mephitic Cloud
  2856 | D:3      | Killed from afar by Sigmund

Levels and vault maps discovered:
D:1:      minmay_arrival_shattered_statue, layout_basic
D:2:      layout_basic, overflow_temple_1_default, first_ration,
          chequers_ecumenical_altar_island
D:3:      layout_basic, lemuel_crystal_altar, gammafunk_temple_overflow_wave,
          nicolae_qazlal_style_of_elements, uniq_natasha, uniq_sigmund

Skill      XL: |  1  2  3  4 |
---------------+-------------+-----
Fighting       | 1 2 |  2.8
Air Magic      | 1 2 |  2.0
Conjurations   | 1 |  1.4
Spellcasting   | |  5.0
Necromancy     | |  1.1
Earth Magic    | |  1.7
Evocations     | |  2.0

Action                   |  1- 3 |  4- 6 || total
-------------------------+-------+-------++-------
Melee: Club              |     3 |       ||     3
       Dagger            |    12 |    13 ||    25
 Cast: Shock             |    91 |    10 ||   101
       Mephitic Cloud    |       |     1 ||     1
  Use: Potion            |       |     1 ||     1
 Stab: Confused          |       |     1 ||     1
  Eat: Chunk             |     2 |       ||     2
       Ration            |     1 |       ||     1
Armor: Robe              |    27 |     6 ||    33
Dodge: Dodged            |    46 |    10 ||    56

Table legend:
 A = Non-vault XP
 B = Vault XP
 C = Vault XP percentage of total XP
 D = Non-vault monster count
 E = Vault monster count
 F = Vault count percentage of total count
                 A         B        C        D         E       F
            +---------+---------+-------+---------+---------+-------
      Total |     141 |       0 |   0.0 |      40 |       0 |   0.0
            +---------+---------+-------+---------+---------+-------
        D:1 |      55 |       0 |   0.0 |      29 |       0 |   0.0
        D:2 |      39 |       0 |   0.0 |       8 |       0 |   0.0
        D:3 |      47 |       0 |   0.0 |       3 |       0 |   0.0
            +---------+---------+-------+---------+---------+-------
